AoeStats
← beneath mariana

African Clearing

504780003Analyzed
4v4 RM · 26d ago on Sep 6, 2026· 46m 57s· 8 players
Game mode
Random Map
Map size
Large (8 player)
Population
200
Speed
Normal
Resources
Standard
Victory
Conquest
Starting age
Dark Age
Ending age
Imperial Age
RankedLock teamsTeams togetherTeam positionsShared explorationLock speedFull tech treeHidden civsTurbo modeCheats
Victory
Defeat
🇺🇸 Huns · United States
1476
+12
🇨🇳 Chinese · China
1430
+14
🇻🇪 Chinese · Venezuela
1392
+15
🇨🇳 Jurchens · China
1368
+16
🇵🇱 Portuguese · Poland
1506
-19
🇺🇸 Gurjaras · United States
1385
-15
🇩🇪 Japanese · Germany
1357
-13
🇮🇳 Wei · India
1258
-10
AML4554
5:50 Loom
13:17 Feudal Age
14:04 Double-Bit Axe
16:36 Forging
23:20 Castle Age
22:49 Fletching
23:59 Bodkin Arrow
25:04 Husbandry
26:44 Ballistics
30:58 Padded Archer Armor
30:59 Horse Collar
33:46 Bloodlines
34:14 Thumb Ring
35:49 Leather Archer Armor
36:41 Wheelbarrow
38:12 Town Watch
39:22 Hand Cart
45:52 Bow Saw
46:51 Marauders
beneath mariana
3:12 Loom
13:24 Feudal Age
17:17 Castle Age
15:14 Double-Bit Axe
15:45 Horse Collar
16:34 Stone Mining
17:11 Gold Mining
17:40 Town Watch
19:26 Bow Saw
25:44 Wheelbarrow
26:44 Heavy Plow
26:54 Fletching
29:12 Ballistics
30:34 Padded Archer Armor
31:12 Bodkin Arrow
31:38 Leather Archer Armor
35:41 Imperial Age
33:42 Scale Mail Armor
34:33 Masonry
34:43 Chain Mail Armor
34:38 Forging
34:43 Murder Holes
35:02 Fortified Wall
38:08 Imperial Age
35:54 Hand Cart
35:12 Pikeman
35:52 Squires
36:31 Coinage
38:09 Iron Casting
38:03 Murder Holes
38:24 Great Wall
38:51 Bracer
39:22 Ring Archer Armor
39:56 Chemistry
39:27 Architecture
38:27 Elite Chu Ko Nu
39:28 Conscription
38:41 Elite Fire Lancer
39:07 Arson
38:56 Capped Ram
40:23 Plate Mail Armor
40:53 Blast Furnace
41:07 Blast Furnace
41:42 Banking
42:16 Man-at-Arms
42:48 Siege Ram
44:14 Rocketry
46:17 Two-Man Saw
46:22 Scale Barding Armor
46:53 Caravan
47:32 Chain Barding Armor
Potro Occidental
3:20 Loom
11:21 Feudal Age
12:06 Double-Bit Axe
15:32 Fletching
24:54 Castle Age
25:13 Crossbowman
28:27 Horse Collar
29:24 Bow Saw
30:07 Wheelbarrow
30:23 Town Watch
31:49 Hand Cart
33:12 Ballistics
35:14 Light Cavalry
36:05 Bloodlines
35:55 Husbandry
38:54 Imperial Age
36:59 Scale Barding Armor
37:12 Gold Mining
38:20 Heavy Plow
39:43 Bodkin Arrow
41:59 Conscription
45:24 Scale Mail Armor
45:39 Capped Ram
很蓝的啦
9:17 Loom
12:26 Feudal Age
13:24 Double-Bit Axe
13:55 Town Watch
15:08 Horse Collar
15:53 Forging
17:14 Scale Barding Armor
19:51 Bloodlines
20:09 Gold Mining
21:44 Wheelbarrow
25:04 Castle Age
25:22 Light Cavalry
26:02 Husbandry
26:39 Iron Casting
26:24 Chain Barding Armor
26:50 Chain Barding Armor
27:34 Stone Mining
28:10 Bow Saw
37:17 Heavy Plow
38:33 Hand Cart
38:18 Town Patrol
42:16 Imperial Age
40:32 Gold Shaft Mining
40:32 Fortified Bastions
43:26 Elite Steppe Lancer
45:22 Plate Barding Armor
44:18 Capped Ram
46:01 Treadmill Crane
46:41 Ballistics
t๏tคlเк๏ร
4:27 Loom
15:01 Feudal Age
19:59 Castle Age
35:33 Imperial Age
33:45 Double-Bit Axe
33:56 Stone Mining
34:24 Gold Mining
36:59 Stone Shaft Mining
37:49 Chemistry
37:47 Bow Saw
38:54 Conscription
41:05 Masonry
41:20 Bombard Tower
41:45 Ballistics
41:22 Fletching
45:40 Murder Holes
MZTK / Dampflok
4:12 Loom
13:51 Feudal Age
13:54 Man-at-Arms
15:02 Arson
16:03 Horse Collar
23:34 Fletching
24:19 Padded Archer Armor
24:43 Double-Bit Axe
29:23 Wheelbarrow
29:32 Wheelbarrow
31:44 Castle Age
30:56 Gold Mining
32:00 Crossbowman
32:05 Elite Skirmisher
32:41 Bodkin Arrow
35:29 Town Watch
40:01 Husbandry
41:45 Ballistics
43:03 Bloodlines
44:28 Leather Archer Armor
mikeymazko
13:56 Feudal Age
12:34 Loom
14:48 Double-Bit Axe
17:54 Castle Age
17:22 Horse Collar
19:12 Bow Saw
19:04 Heavy Plow
19:41 Wheelbarrow
19:43 Town Watch
26:16 Scale Barding Armor
27:42 Fletching
29:05 Forging
29:39 Chain Barding Armor
30:26 Bloodlines
30:17 Husbandry
31:13 Iron Casting
30:44 Bodkin Arrow
32:07 Hand Cart
38:13 Imperial Age
36:55 Gold Mining
36:56 Stone Mining
38:16 Elite Shrivamsha Rider
38:27 Heavy Camel Rider
39:44 Plate Barding Armor
40:23 Crop Rotation
43:25 Light Cavalry
44:37 Conscription
44:30 Hussar
Chupacabra
6:22 Loom
13:49 Feudal Age
18:14 Castle Age
16:16 Town Watch
16:52 Double-Bit Axe
16:47 Horse Collar
19:33 Bow Saw
20:40 Wheelbarrow
21:53 Wheelbarrow
24:38 Hand Cart
25:58 Fletching
26:09 Padded Archer Armor
26:16 Gold Mining
26:32 Heavy Plow
28:04 Bodkin Arrow
28:35 Ballistics
29:20 Thumb Ring
32:39 Padded Archer Armor
32:46 Husbandry
32:57 Bloodlines
32:45 Light Cavalry
34:09 Leather Archer Armor
37:26 Imperial Age
38:49 Parthian Tactics
39:22 Capped Ram
40:05 Siege Ram
41:30 Bracer
42:41 Conscription
43:01 Onager
43:09 Elite Skirmisher
44:49 Ring Archer Armor
Connection lost

Rejoining the realm…

Still unreachable

The connection could not be restored.

Session expired

The server has moved on; the page needs a fresh start.